[Event "Icelandic Open 2019"]
[Site "Akureyri"]
[Date "2019.06.01"]
[Round "9.6"]
[White "Thorhallsson, Throstur"]
[Black "Gislason, Gudmundur"]
[Result "0-1"]
[ECO "B48"]
[WhiteElo "2435"]
[BlackElo "2288"]
[Annotator "ChessBase"]
[PlyCount "74"]
[EventDate "2019.05.25"]
[EventType "swiss"]
[EventCountry "ISL"]
[SourceTitle "playchess.com"]
[Source "ChessBase"]
[SourceQuality "1"]
[TimeControl "40/5400+30:1800+30"]

1. e4 c5 2. Nf3 Nc6 3. d4 cxd4 4. Nxd4 e6 5. Nc3 Qc7 6. Be2 Nf6 7. Be3 a6 8. a3 Ne5 9. f4 Nc4 10. Bc1 d6 11. Qd3 Nb6 12. b3 Bd7 13. Bb2 Rc8 14. O-O-O Be7 15. g4 e5 16. Nf5 Bxf5 17. gxf5 Nfd7 18. Rhg1 exf4 19. Nd5 Nxd5 20. exd5 Bf6 21. Rde1 O-O 22. Bd1 Rfe8 23. Bxf6 Nxf6 24. Qd4 Re5 25. Ref1 Rxd5 26. Qf2 Qc3 27. Kb1 Ne4 28. Qg2 Qe5 29. Re1 f3 30. Rxe4 Rxd1+ 31. Rxd1 Qxe4 32. Qf2 Rc3 33. Rxd6 h6 34. Kb2 Re3 35. f6 Qe5+ 36. Kc1 Re1+ 37. Rd1 Qa1+ 0-1

[Event "Icelandic Open 2019"]
[Site "Akureyri"]
[Date "2019.06.01"]
[Round "9.7"]
[White "Sigurdarson, Tomas Veigar"]
[Black "Gretarsson, Helgi Ass"]
[Result "0-1"]
[ECO "B06"]
[WhiteElo "1994"]
[BlackElo "2433"]
[Annotator "ChessBase"]
[PlyCount "58"]
[EventDate "2019.05.25"]
[EventType "swiss"]
[EventCountry "ISL"]
[SourceTitle "playchess.com"]
[Source "ChessBase"]
[SourceQuality "1"]
[TimeControl "40/5400+30:1800+30"]

1. e4 g6 2. Nc3 Bg7 3. f4 a6 4. Nf3 d6 5. Bc4 c5 6. d3 Nc6 7. O-O e6 8. f5 Nf6 9. Qe1 O-O 10. Qh4 d5 11. exd5 exd5 12. Bg5 h6 13. fxg6 hxg5 14. Nxg5 dxc4 15. Rxf6 Qd4+ 16. Qxd4 cxd4 17. gxf7+ Kh8 18. Rf4 dxc3 19. Rh4+ Bh6 20. Rxh6+ Kg7 21. Rh7+ Kg6 22. h4 cxb2 23. Rf1 c3 24. Kf2 Be6 25. Ke3 Bxa2 26. h5+ Kxg5 27. Rg7+ Kh6 28. Rg6+ Kh7 29. Rff6 Rxf7 {[%emt 0:00:55] Kd4 [%emt 00:02:05]} 0-1

[Event "Icelandic Open 2019"]
[Site "Akureyri"]
[Date "2019.06.01"]
[Round "9.8"]
[White "Sigurdsson, Snorri Thor"]
[Black "Thorfinnsson, Bjorn"]
[Result "1/2-1/2"]
[ECO "A45"]
[WhiteElo "1965"]
[BlackElo "2389"]
[Annotator "ChessBase"]
[PlyCount "101"]
[EventDate "2019.05.25"]
[EventType "swiss"]
[EventCountry "ISL"]
[SourceTitle "playchess.com"]
[Source "ChessBase"]
[SourceQuality "1"]
[TimeControl "40/5400+30:1800+30"]

1. d4 Nf6 2. Bg5 Ne4 3. Bf4 c5 4. f3 Nf6 5. d5 d6 6. e4 g6 7. Nc3 Bg7 8. Qd2 h5 9. Bb5+ Bd7 10. Bc4 O-O 11. Bh6 b5 12. Bxg7 Kxg7 13. Nxb5 Bxb5 14. Bxb5 Qb6 15. c4 Nbd7 16. Bxd7 Nxd7 17. Ne2 Rfb8 18. Rb1 a5 19. O-O Ra7 20. f4 Qb4 21. Qd3 Nb6 22. Rfc1 Rab7 23. e5 Qa4 24. exd6 exd6 25. f5 Nd7 26. b3 Ne5 27. Qc2 Qd7 28. fxg6 fxg6 29. Nc3 Qg4 30. Rf1 Qd4+ 31. Kh1 Ng4 32. Nb5 Qe5 33. Qb2 Qxb2 34. Rxb2 Rxb5 35. cxb5 Rxb5 36. Re2 Ne5 37. Ref2 c4 38. bxc4 Nxc4 39. Rf7+ Kh6 40. h3 Rxd5 41. R1f2 Ne3 42. R7f3 Rd3 43. Kg1 d5 44. Re2 d4 45. Kf2 Kg5 46. g3 Rd1 47. Re1 Rd2+ 48. Re2 Rd1 49. Rb2 Rf1+ 50. Ke2 Rh1 51. Kf2 1/2-1/2

[Event "Icelandic Open 2019"]
[Site "Akureyri"]
[Date "2019.06.01"]
[Round "9.9"]
[White "Stefansson, Vignir Vatnar"]
[Black "Johannsson, Birkir Isak"]
[Result "1-0"]
[ECO "D00"]
[WhiteElo "2291"]
[BlackElo "1981"]
[Annotator "ChessBase"]
[PlyCount "85"]
[EventDate "2019.05.25"]
[EventType "swiss"]
[EventCountry "ISL"]
[SourceTitle "playchess.com"]
[Source "ChessBase"]
[SourceQuality "1"]
[TimeControl "40/5400+30:1800+30"]

1. d4 d5 2. Nc3 Nf6 3. Bf4 Bf5 4. f3 e6 5. g4 Bg6 6. h4 h5 7. g5 Nfd7 8. e3 Be7 9. Bd3 Nf8 10. e4 c6 11. Nge2 Nbd7 12. Bg3 Nb6 13. Qd2 Bd6 14. Bf2 Qc7 15. O-O-O O-O-O 16. Be3 Kb8 17. Kb1 Nc8 18. Nf4 Ne7 19. a3 Qc8 20. Qf2 Nd7 21. Nce2 Rhe8 22. Ng3 Bxf4 23. Bxf4+ Ka8 24. c4 Nb6 25. c5 Nd7 26. Bd6 Nb8 27. Be5 Rg8 28. b4 Qd7 29. Qb2 Nc8 30. a4 Rdf8 31. b5 f6 32. gxf6 gxf6 33. Bf4 Re8 34. Ka1 Rgf8 35. Rhf1 Rf7 36. Bxb8 Kxb8 37. bxc6 Qc7 38. Qxb7+ Qxb7 39. cxb7 Rxb7 40. Ba6 Rc7 41. Rb1+ Ka8 42. Rb3 Ne7 43. Rfb1 1-0

[Event "Icelandic Open 2019"]
[Site "Akureyri"]
[Date "2019.06.01"]
[Round "9.10"]
[White "Ruelland, Geoffrey"]
[Black "Thorhallsson, Simon"]
[Result "0-1"]
[ECO "B92"]
[WhiteElo "1955"]
[BlackElo "2184"]
[Annotator "ChessBase"]
[PlyCount "88"]
[EventDate "2019.05.25"]
[EventType "swiss"]
[EventCountry "ISL"]
[SourceTitle "playchess.com"]
[Source "ChessBase"]
[SourceQuality "1"]
[TimeControl "40/5400+30:1800+30"]

1. e4 c5 2. Nf3 d6 3. d4 cxd4 4. Nxd4 Nf6 5. Nc3 a6 6. Be2 e5 7. Nb3 Be7 8. Be3 O-O 9. O-O Be6 10. f4 exf4 11. Rxf4 Nc6 12. Nd5 Bxd5 13. exd5 Ne5 14. Rb4 Qd7 15. a4 Rfb8 16. a5 Re8 17. Qd4 Bf8 18. Rf1 Ng6 19. Bd3 Rxe3 20. Qxe3 Nxd5 21. Qd4 Nxb4 22. Qxb4 Ne5 23. Bf5 Qc7 24. Qh4 g6 25. Be4 Bg7 26. c3 Rf8 27. Bd5 b5 28. Qf2 Nc4 29. Kh1 Nxa5 30. Nxa5 Qxa5 31. Qa7 Kh8 32. Qe7 b4 33. c4 Qd8 34. Qb7 a5 35. b3 f5 36. Re1 Re8 37. Rxe8+ Qxe8 38. g3 Bd4 39. Kg2 Qe2+ 40. Kh3 Bg1 41. Qc8+ Kg7 42. Qg8+ Kh6 43. Qf8+ Kh5 44. Bg2 Qg4# 0-1

[Event "Icelandic Open 2019"]
[Site "Akureyri"]
[Date "2019.06.01"]
[Round "9.11"]
[White "Olafsson, Smari"]
[Black "Gower, Sam"]
[Result "1/2-1/2"]
[ECO "B01"]
[WhiteElo "1939"]
[BlackElo "2069"]
[Annotator "NA"]
[PlyCount "41"]
[EventDate "2019.05.25"]
[EventType "swiss"]
[EventCountry "ISL"]
[SourceTitle "playchess.com"]
[Source "ChessBase"]
[SourceQuality "1"]
[TimeControl "40/5400+30:1800+30"]

1. e4 d5 2. exd5 Qxd5 3. Nc3 Qd8 4. d4 Nf6 5. Nf3 Bg4 6. Be2 e6 7. O-O c6 8. Be3 Nbd7 9. a3 Bd6 10. Qd2 O-O 11. h3 Bxf3 12. Bxf3 Re8 13. Ne4 Nxe4 14. Bxe4 Nf6 15. Bd3 Qc7 16. c4 Rad8 17. Bg5 Be7 18. Qe3 g6 $11 ({Black should try} 18... Qb6 $15) 19. Bf4 Bd6 20. Bg5 Be7 21. Bf4 1/2-1/2

[Event "Icelandic Open 2019"]
[Site "Akureyri"]
[Date "2019.06.01"]
[Round "9.12"]
[White "Briem, Benedikt"]
[Black "Kristjansson, Olafur"]
[Result "0-1"]
[ECO "D02"]
[WhiteElo "1811"]
[BlackElo "2069"]
[Annotator "NA"]
[PlyCount "78"]
[EventDate "2019.05.25"]
[EventType "swiss"]
[EventCountry "ISL"]
[SourceTitle "playchess.com"]
[Source "ChessBase"]
[SourceQuality "1"]
[TimeControl "40/5400+30:1800+30"]

1. d4 d5 2. Nf3 Nf6 3. Bf4 g6 4. e3 Bg7 5. c3 O-O 6. Bd3 c5 7. Nbd2 Nc6 8. h3 {[%emt 0:01:15] D02: 1 d4 d5 2 Nf3 sidelines, including 2...Nf6 3 g3 and 2...Nf6 3 Bf4} Nd7 9. O-O e5 10. dxe5 Ndxe5 11. Nxe5 (11. Be2 Nxf3+ {½-½ (11) Jojua,D (2575)-Mchedlishvili,M (2601) Tbilisi 2017}) 11... Nxe5 12. Bc2 Nc6 13. Nf3 h6 $146 ({Predecessor:} 13... d4 14. cxd4 cxd4 15. exd4 Nxd4 16. Nxd4 Qxd4 17. Qxd4 Bxd4 18. Bh6 Rd8 19. Rad1 Be6 {½-½ (18) Almasi,I (2403)-Papp,P (2292) Zalakaros 2014}) 14. Bg3 Be6 15. Bb3 Qd7 16. Qd2 Rfd8 17. Rad1 b5 18. a3 a5 19. Rfe1 Qb7 20. Qc1 Rac8 21. a4 b4 22. c4 dxc4 23. Bxc4 Bxc4 24. Qxc4 Bxb2 25. Qxc5 Bc3 26. Rf1 Nd4 27. exd4 Rxc5 28. dxc5 Rxd1 29. Rxd1 b3 30. Ne5 Qe4 31. f3 Qe3+ 32. Bf2 Qxe5 $19 33. f4 Qxf4 34. Rd8+ Kg7 35. c6 Qc1+ 36. Kh2 Be5+ 37. g3 b2 38. c7 b1=Q 39. Rg8+ Kxg8 0-1

[Event "Icelandic Open 2019"]
[Site "Akureyri"]
[Date "2019.06.01"]
[Round "9.13"]
[White "Hardarson, Petur Palmi"]
[Black "Dietzsch, Herbert"]
[Result "1/2-1/2"]
[ECO "E18"]
[WhiteElo "1847"]
[BlackElo "2059"]
[Annotator "NA"]
[PlyCount "36"]
[EventDate "2019.05.25"]
[EventType "swiss"]
[EventCountry "ISL"]
[SourceTitle "playchess.com"]
[Source "ChessBase"]
[SourceQuality "1"]
[TimeControl "40/5400+30:1800+30"]

1. d4 Nf6 2. c4 e6 3. Nf3 b6 4. g3 Bb7 5. Bg2 Be7 6. O-O O-O 7. Re1 d6 8. Nc3 Ne4 9. Nxe4 Bxe4 10. Bf1 Nd7 11. Nd2 Bb7 12. e4 e5 13. Nf3 exd4 14. Nxd4 Nc5 15. Bg2 Rb8 16. b4 Ne6 $11 17. Bb2 Nxd4 18. Bxd4 c5 1/2-1/2

[Event "Icelandic Open 2019"]
[Site "Akureyri"]
[Date "2019.06.01"]
[Round "9.14"]
[White "Ptacnikova, Lenka"]
[Black "Halldorsson, Hjorleifur"]
[Result "1-0"]
[ECO "A20"]
[WhiteElo "2145"]
[BlackElo "1779"]
[Annotator "ChessBase"]
[PlyCount "107"]
[EventDate "2019.05.25"]
[EventType "swiss"]
[EventCountry "ISL"]
[SourceTitle "playchess.com"]
[Source "ChessBase"]
[SourceQuality "1"]
[TimeControl "40/5400+30:1800+30"]

1. c4 Nf6 2. g3 e5 3. Bg2 d5 4. cxd5 Nxd5 5. Nf3 Nc6 6. O-O Be7 7. d4 exd4 8. Nxd4 Nxd4 9. Qxd4 Nf6 10. Qa4+ c6 11. Nc3 O-O 12. e4 Qc7 13. Qc2 Be6 14. Nd5 Nxd5 15. exd5 Bd7 16. Bf4 Bd6 17. Bxd6 Qxd6 18. dxc6 Bxc6 19. Rfd1 Qf6 20. Bxc6 Rac8 21. Qb3 Qxc6 22. Rd3 Rfd8 23. Rc3 Qe4 24. Rd1 h6 25. Rxd8+ Rxd8 26. Rc7 Qe1+ 27. Kg2 Qe4+ 28. Qf3 Qe6 29. Rxb7 Qxa2 30. b3 Rf8 31. Qd5 Qa6 32. h4 Qa2 33. Qc5 a6 34. Qd5 Qc2 35. h5 Qa2 36. Qc4 Qa5 37. g4 Qg5 38. Ra7 a5 39. Rd7 Kh8 40. Rd5 f5 41. Rxf5 Rxf5 42. Qc8+ Kh7 43. Qxf5+ Qxf5 44. gxf5 Kg8 45. Kf3 Kf7 46. Ke4 Kf6 47. Kf4 Kf7 48. Ke5 Ke7 49. f6+ gxf6+ 50. Kf5 Kf7 51. f3 Ke7 52. Kg6 Ke6 53. Kxh6 Kf7 54. f4 1-0

[Event "Icelandic Open 2019"]
[Site "Akureyri"]
[Date "2019.06.01"]
[Round "9.15"]
[White "Pinto, Mark"]
[Black "Leosson, Atli Johann"]
[Result "1-0"]
[ECO "D00"]
[WhiteElo "2082"]
[BlackElo "1790"]
[Annotator "NA"]
[PlyCount "101"]
[EventDate "2019.05.25"]
[EventType "swiss"]
[EventCountry "ISL"]
[SourceTitle "playchess.com"]
[Source "ChessBase"]
[SourceQuality "1"]
[TimeControl "40/5400+30:1800+30"]

1. d4 d5 2. Bf4 c5 3. e3 Nf6 4. c3 Nc6 5. Nd2 Bf5 (5... Qb6 6. Qb3 Nh5 7. Qxb6 axb6 8. Bc7 cxd4 9. exd4 e5 10. Bxe5 Nxe5 11. dxe5 Bc5 12. g3 O-O {1-0 (76) Aronian,L (2765)-Caruana,F (2832) London 2018}) 6. Ngf3 {[%emt 0:00:19] D00: 1 d4 d5: Unusual lines} Qb6 7. Nh4 Bg6 8. Nxg6 hxg6 9. Qb3 c4 $146 ({Predecessor:} 9... e6 10. h3 Be7 11. Be2 O-O 12. Rb1 Rac8 {0-1 (31) Mackle,D (2021)-Shaw,P (2173) Canterbury 2010}) 10. Qc2 Nh5 11. Be5 Nf6 12. Bg3 Nh5 13. Be5 Nf6 14. Nf3 e6 15. h3 Ne4 16. Be2 f6 17. Bh2 Kf7 18. O-O Bd6 19. Bxc4 Bxh2+ 20. Nxh2 Ng5 21. Bd3 f5 22. f4 Nxh3+ 23. gxh3 Rxh3 24. Rf3 Rh6 25. Raf1 Rah8 26. R1f2 Qd8 27. Rg2 Qh4 28. Qf2 Qd8 29. Qg3 Qa5 30. a3 Ne7 31. Qe1 Ng8 32. Rf1 Nf6 33. Qg3 Qb6 34. Rb1 a6 35. b4 Qc6 36. Rb3 Qa4 37. Bc2 Qb5 $14 38. Rb1 Qc4 39. Qe1 Qc8 40. Qe2 Qxc3 41. b5 a5 42. Qd3 Qc8 43. Qd2 b6 44. Rc1 Qb8 45. Bd3 Ne8 46. Rc6 Qd8 47. Nf3 Rh1+ 48. Kf2 Nd6 49. Qc3 Rd1 50. Ng5+ Kg8 51. Rxd6 1-0